 Dungeon Crawl Stone Soup version 0.32-a0-685-g93135e86f0 (webtiles) character file.

Game seed: 1469480504663365126

9068 warriortoast the Cleaver (level 11, -1/104 HPs)
             Began as a Minotaur Fighter on Mar 12, 2024.
             Was a High Priest of Okawaru.
             Slain by Grum
             ... wielding a +1 glaive of flaming
              (3 damage)
             ... on level 9 of the Dungeon.
             The game lasted 00:17:25 (8906 turns).

warriortoast the Cleaver (Minotaur Fighter)         Turns: 8906, Time: 00:17:25

Health: -1/104     AC: 14    Str: 26    XL:     11   Next: 18%
Magic:  13/13      EV:  6    Int:  9    God:    Okawaru [*****.]
Gold:   617        SH:  9    Dex:  9    Spells: 10/10 levels left

rFire   . . .        y - +7 war axe of the Establishment {holy, rN+ Int+4}
rCold   . . .        u - +0 kite shield
rNeg    + . .        D - +0 plate armour
rPois   .            (helmet restricted)
rElec   .            (no cloak)
rCorr   .            (no gloves)
SInv    .            q - +0 pair of boots
Will    +....        (no amulet) Stlth
                     g - ring of willpower
HPRegen 0.37/turn    (no ring)
MPRegen 0.13/turn

%: no passive effects
@: no status effects
A: horns 2, retaliatory headbutt
a: Renounce Religion, Heroism, Finesse, Duel


You were on level 9 of the Dungeon.
You worshipped Okawaru.
Okawaru was extremely pleased with you.
You visited 2 branches of the dungeon, and saw 10 of its levels.

You collected 617 gold pieces.

Inventory:

Hand Weapons
 a - a +0 war axe
 y - the +7 war axe of the Establishment (weapon) {holy, rN+ Int+4}
   (You found it on level 5 of the Dungeon)

   Int+4:     It affects your intelligence (+4).
   rN+:       It protects you from negative energy.
 B - the +7 dagger of Termination {heavy, Str+3 Int+4}
   (You took it off an orc on level 6 of the Dungeon)

   Str+3:     It affects your strength (+3).
   Int+4:     It affects your intelligence (+4).
 F - the +3 dagger "Hiduukol" {heavy, ^Contam *Corrode rPois Int+6}
   (You found it on level 7 of the Dungeon)

   Int+6:     It affects your intelligence (+6).
   rPois:     It protects you from poison.
   ^Contam:   It causes magical contamination when unequipped.
   *Corrode:  It may corrode you when you take damage.
Missiles
 d - 2 boomerangs
 s - 21 poisoned darts (quivered)
 I - 2 silver javelins
Armour
 b - a +0 scale mail
 c - a +0 buckler
 q - a +0 pair of boots (worn)
 u - a +0 kite shield (worn)
 D - a +0 plate armour (worn)
Jewellery
 g - a ring of willpower (left hand)
 o - a ring of wizardry
 z - a +6 ring of intelligence
 C - a ring of magical power
Wands
 n - a wand of flame (11)
 H - a wand of warping (5)
Scrolls
 h - 12 scrolls of identify
 i - a scroll of enchant armour {unknown}
 j - 4 scrolls of fear {unknown}
 m - 4 scrolls of revelation {unknown}
 r - 3 scrolls of vulnerability {unknown}
 v - 3 scrolls of fog {unknown}
 w - a scroll of teleportation {unknown}
 x - a scroll of butterflies {unknown}
 A - 4 scrolls of amnesia {unknown}
 G - a scroll of torment {unknown}
 J - a scroll of immolation {unknown}
Potions
 e - 6 potions of curing
 f - 3 potions of heal wounds
 k - 4 potions of enlightenment {unknown}
 l - 2 potions of degeneration {unknown}
 p - a potion of haste {unknown}
 t - a potion of ambrosia {unknown}
 E - 2 potions of mutation {unknown}
 K - a potion of berserk rage {unknown}


   Skills:
 - Level 12.0 Fighting
 + Level 12.8 Axes
 + Level 3.1 Throwing
 - Level 7.0 Armour
 - Level 3.0 Stealth
 + Level 7.2 Shields
 + Level 5.0 Invocations


You had 10 spell levels left.
You didn't know any spells.
Your spell library contained the following spells:

 Spells                   Type           Power      Damage    Failure   Level
 Lesser Beckoning         Tloc           0%         N/A       100%        2
 Sublimation of Blood     Necr           0%         N/A       100%        2
 Gell's Gravitas          Tloc           0%         N/A       100%        3
 Teleport Other           Tloc           0%         N/A       100%        3
 Call Imp                 Summ           Unusable   N/A       N/A         2
 Summon Hydra             Summ           Unusable   N/A       N/A         7

Dungeon Overview and Level Annotations

Branches:
Dungeon (9/15)             Temple (1/1) D:4
   Lair: D:8-11         Orc: D:9-12

Altars:
Ashenzari
Cheibriados
Dithmenos
Elyvilon
Fedhas
Gozag
Hepliaklqana
Kikubaaqudgha
Makhleb
Nemelex Xobeh
Okawaru
Qazlal
Ru
Sif Muna
Trog
Uskayaw
Vehumet
Wu Jian
Xom
Yredelemnul
Zin
The Shining One

Annotations:
D:9 Grum


Innate Abilities, Weirdness & Mutations

You have a pair of horns on your head.
You reflexively headbutt those who attack you in melee.


Message History

Grum hits you from afar with a +1 glaive of flaming!
Grum burns you.
You slash the wolf!
You kill the wolf!
Okawaru accepts your kill.
Grum hits you from afar with a +1 glaive of flaming!!
Grum burns you!
Your Invocations skill increases to level 5!
Grum hits you but does no damage.
There is an open door, spattered with blood here.
You see here a wolf corpse.
Unknown command.
You hit the wolf. Your headbutt misses the wolf.
The wolf is moderately wounded.
You hit Grum. The wolf barely misses you. You furiously retaliate!
You headbutt the wolf! The wolf bites you. You block Grum's attack.
You are too injured to fight recklessly!
You hit Grum. Your headbutt misses Grum.
Grum is lightly wounded.
You closely miss the wolf. You block the wolf's attack.
Grum barks, "Me and Lady will play fetch with your bones!"
Grum hits you with a +1 glaive of flaming.
Grum burns you. The wolf bites you but does no damage.
Unknown command.
You slash Grum!
Grum is moderately wounded.
You closely miss the wolf. The wolf bites you.
Grum hits you with a +1 glaive of flaming!!
* * * LOW HITPOINT WARNING * * *
Grum burns you!
* * * LOW HITPOINT WARNING * * *
You slash Grum! Your headbutt misses Grum.
Grum is severely wounded.
You slash the wolf!
You kill the wolf!
Okawaru accepts your kill.
Grum hits you with a +1 glaive of flaming!
* * * LOW HITPOINT WARNING * * *
Grum burns you.
You die...

...#.>............#....#
.............#.#...#..
...#....#........#.#
#....#.##...#....# #
...###..###'####.# .##
.......##......#####...#
###....#........#.......
#...####...≈≈...#......#
..######..≈≈§≈..@...#
.#####.+..≈≈≈≈..#g..#
.......#...≈≈...#......#
##.....#..).....#...####
.......##......##..##
##......####'### ..#
#.......#...# ..#
#........(### #..
#.......###


You could see Grum.

Vanquished Creatures
  2 two-headed ogres
  Amaemon (D:8)
  Pikel (D:4)
  An orange demon (D:8)
  Prince Ribbit (D:6)
  Grinder (D:5)
  Sigmund (D:4)
  2 wraiths (D:9)
  12 yaks
  A steam dragon (D:8)
  Eustachio (D:4)
  3 water moccasins
  Duvessa (D:6)
  An ice beast (D:7)
  2 orc warriors
  2 black bears
  An ogre (D:6)
  2 wolves (D:9)
  3 lemures (D:4)
  A phantom (D:5)
  2 bullfrogs
  2 kobold brigands
  2 gnoll sergeants (D:9)
  2 scorpions
  14 wights
  Dowan (D:6)
  5 killer bees (D:9)
  7 orc priests
  3 hounds
  A bombardier beetle (D:4)
  2 jellies
  2 gnoll boudas (D:7)
  A sleepcap (D:6)
  Natasha (D:4)
  3 iguanas
  11 orc wizards
  21 gnolls
  3 adders
  A shadow imp (D:7)
  A white imp (D:6)
  11 dart slugs (D:3)
  2 ribbon worms
  20 orcs
  5 bats
  5 endoplasms
  5 giant cockroaches
  2 goblins (D:2)
  4 hobgoblins
  6 quokkas
  10 ball pythons
  A frilled lizard (D:1)
  15 kobolds
  2 rats (D:1)
213 creatures vanquished.

Notes
Turn   | Place    | Note
-------+----------+-------------------------------------------
     0 | D:1      | warriortoast the Minotaur Fighter began the quest for the
                  | Orb.
     0 | D:1      | Reached XP level 1. HP: 19/19 MP: 0/0
    57 | D:1      | Found a faded altar of an unknown god.
   686 | D:1      | Reached XP level 2. HP: 27/27 MP: 1/1
  1276 | D:2      | Reached XP level 3. HP: 33/34 MP: 2/2
  1918 | D:3      | Reached XP level 4. HP: 41/41 MP: 3/3
  2051 | D:3      | Reached skill level 5 in Fighting
  2552 | D:4      | Noticed Eustachio
  2588 | D:4      | Noticed a lemure
  2590 | D:4      | Noticed a lemure
  2608 | D:4      | Found a staircase to the Ecumenical Temple.
  2628 | Temple   | Entered the Ecumenical Temple
  2692 | Temple   | Became a worshipper of Warmaster Okawaru
  2739 | D:4      | Noticed a lemure
  2758 | D:4      | Reached XP level 5. HP: 40/48 MP: 4/4
  2915 | D:4      | Noticed a lemure
  2923 | D:4      | Killed a lemure
  2928 | D:4      | Killed a lemure
  2936 | D:4      | Killed a lemure
  3014 | D:4      | Noticed Pikel
  3026 | D:4      | Killed Pikel
  3026 | D:4      | Reached * piety under Okawaru
  3027 | D:4      | Reached XP level 6. HP: 35/60 MP: 5/5
  3027 | D:4      | Reached XP level 7. HP: 38/66 MP: 6/6
  3133 | D:4      | Killed Eustachio
  3133 | D:4      | Reached ** piety under Okawaru
  3531 | D:4      | Noticed Sigmund
  3543 | D:4      | Killed Sigmund
  3646 | D:4      | Noticed Natasha
  3654 | D:4      | Killed Natasha
  3954 | D:4      | Found an ancient bone altar of Kikubaaqudgha.
  3964 | D:4      | Reached XP level 8. HP: 67/75 MP: 7/7
  4796 | D:5      | Entered Level 5 of the Dungeon
  5011 | D:5      | Identified the +7 war axe of the Establishment {holy, rN+
                  | Int+4}
  5029 | D:5      | Noticed Grinder
  5031 | D:5      | Killed Grinder
  5031 | D:5      | Reached *** piety under Okawaru
  5032 | D:5      | Reached skill level 10 in Fighting
  5137 | D:5      | Found a shadowy altar of Dithmenos.
  5253 | D:5      | Found a bloodstained altar of Trog.
  5259 | D:5      | Reached skill level 10 in Axes
  5442 | D:6      | Reached XP level 9. HP: 74/86 MP: 8/8
  5683 | D:6      | Identified the +7 dagger of Termination {heavy, Str+3
                  | Int+4}
  5837 | D:6      | Noticed Prince Ribbit
  5837 | D:6      | Noticed Duvessa
  5838 | D:6      | Noticed Dowan
  5843 | D:6      | Killed Prince Ribbit
  5843 | D:6      | Reached **** piety under Okawaru
  5847 | D:6      | Killed Duvessa
  5849 | D:6      | Killed Dowan
  6308 | D:6      | Found a glowing silver altar of Zin.
  6312 | D:6      | Found a shimmering altar of Xom.
  6315 | D:6      | Found a hazy altar of Hepliaklqana.
  6326 | D:6      | Found a hide-covered altar of Uskayaw.
  6487 | D:7      | Reached skill level 1 in Invocations
  6490 | D:7      | Reached skill level 1 in Stealth
  6608 | D:7      | Identified the +3 dagger "Hiduukol" {heavy, ^Contam
                  | *Corrode rPois Int+6}
  7177 | D:8      | Noticed a two-headed ogre
  7204 | D:8      | Killed a two-headed ogre
  7205 | D:8      | Reached XP level 10. HP: 38/97 MP: 7/10
  7491 | D:8      | Reached skill level 5 in Armour
  7491 | D:8      | Reached skill level 5 in Shields
  7563 | D:8      | Reached ***** piety under Okawaru
  7798 | D:8      | Received a gift from Okawaru
  7877 | D:8      | Noticed an orange demon
  7878 | D:8      | Noticed Amaemon
  7896 | D:8      | Killed an orange demon
  7902 | D:8      | Killed Amaemon
  7903 | D:8      | Reached skill level 1 in Throwing
  8193 | D:9      | Noticed a two-headed ogre
  8233 | D:9      | Killed a two-headed ogre
  8248 | D:9      | Reached XP level 11. HP: 57/103 MP: 13/13
  8450 | D:9      | Received a gift from Okawaru
  8899 | D:9      | Noticed Grum
  8902 | D:9      | Reached skill level 5 in Invocations
  8906 | D:9      | HP: 2/104 [Grum/+1 glaive of flaming (10)]
  8906 | D:9      | Slain by Grum

Illustrated notes

Levels and vault maps discovered:
D:1:      dpeg_arrival_tiny_g, layout_basic, ebering_ecumenical_altar_rust
D:2:      layout_loops_cross
D:3:      kennysheep_slugbush, layout_basic, kennysheep_cross_bottleneck
D:4:      minmay_clustersquares, layout_loops_ring,
          nicolae_kikubaaqudgha_miasma_corner, minmay_temple_entry_arrows,
          uniq_sigmund, uniq_natasha, uniq_pikel, uniq_eustachio
D:5:      layout_basic, grunt_dithmenos_shadows,
          mainiacjoe_overflow_cross_hatched, uniq_grinder
D:6:      layout_cave_pools, grunt_temple_overflow_cloverleaf,
          minmay_microvault, uniq_prince_ribbit1, uniq_duvessa
D:7:      layout_cave_pools
D:8:      layout_basic, uniq_amaemon
D:9:      layout_rooms, kennysheep_another_room, worms_lemuel, uniq_grum
Temple:   nicolae_temple_superstar

Skill      XL: |  1  2  3  4  5  6  7  8  9 10 11 |
---------------+----------------------------------+-----
Fighting       | 4 5 7 8 10 12 | 12.0
Axes           | 3 4 6 8 10 11 12 | 12.8
Armour         | 4 6 7 |  7.0
Invocations    | 2 4 5 |  5.0
Shields        | 4 6 7 |  7.2
Stealth        | 2 3 |  3.0
Throwing       | 2 3 |  3.1

Action                     |  1- 3 |  4- 6 |  7- 9 | 10-12 || total
---------------------------+-------+-------+-------+-------++-------
  Melee: War axe           |    93 |    64 |   207 |   113 ||   477
         Headbutt          |    14 |    11 |    37 |    27 ||    89
  Throw: Dart              |       |     5 |    18 |     6 ||    29
 Invoke: Heroism           |       |       |     2 |     3 ||     5
    Use: Potion            |       |       |     2 |     2 ||     4
         Scroll            |       |       |     2 |       ||     2
 Armour: Scale mail        |   121 |    70 |   150 |       ||   341
         Plate armour      |       |       |    20 |   113 ||   133
  Dodge: Dodged            |    35 |    39 |    80 |    40 ||   194
  Block: Buckler           |    20 |    22 |    11 |       ||    53
         Kite shield       |       |       |    78 |    71 ||   149

Table legend: (Time is in decaauts)
 A = Elapsed time spent in this place.
 B = Non-inter-level travel time spent in this place.
 C = Inter-level travel time spent in this place.
 D = Time resting spent in this place.
 E = Time spent auto-exploring this place.
 F = Levels seen in this place.
 G = Mean time per level.
                   A        B        C        D        E       F      G
               +--------+--------+--------+--------+--------+-----+--------+
         Total |   9001 |   8708 |    293 |   2193 |   5106 |  10 |  900.1 |
       Dungeon |   8902 |   8642 |    260 |   2193 |   5085 |   9 |  989.1 |
        Temple |     98 |     65 |     33 |      0 |     21 |   1 |   98.0 |
               +--------+--------+--------+--------+--------+-----+--------+

Top non-repeatable levels by time:
     D:4: 1775 daAuts
     D:3: 1357 daAuts
     D:8: 1200 daAuts
     D:6: 1086 daAuts
     D:1: 1022 daAuts
     D:9: 718 daAuts
     D:2: 622 daAuts
     D:5: 592 daAuts
     D:7: 526 daAuts
  Temple: 98 daAuts
